 Dungeon Crawl Stone Soup version 0.27-a0-385-g3208abaabc (webtiles) character file.

Game seed: 5025865528295168670

112 dickylongcocking the Firebug (level 4, -2/33 HPs)
             Began as a Draconian Fire Elementalist on Feb 20, 2021.
             Killed by nerve-wracking pain
             ... invoked by an orc priest
              (6 damage)
             ... on level 2 of the Dungeon.
             The game lasted 00:02:25 (2057 turns).

dickylongcocking the Firebug (DrFE)                 Turns: 2057, Time: 00:02:25

Health: -2/33      AC: 10    Str: 10    XL:     4   Next: 63%
Magic:  8/8        EV: 12    Int: 17    God:
Gold:   58         SH:  0    Dex: 11    Spells: 8/9 levels left

rFire    . . .     SeeInvis .   d - +3 dagger
rCold    . . .     Faith    .   (no shield)
rNeg     . . .     Spirit   .   (armour unavailable)
rPois    .         Reflect  .   (helmet restricted)
rElec    .         Harm     .   (no cloak)
rCorr    .         Rampage  .   (no gloves)
Will     .....                  j - +0 pair of boots
Stlth    ++........             (no amulet)
HPRegen  0.11/turn              k - ring of flight
MPRegen  0.11/turn              g - +4 ring of protection

@: lethally poisoned (-2 -> -32)
A: unfitting armour, cold-blooded, AC +5
a: Evoke Flight


You were on level 2 of the Dungeon.
You visited 1 branch of the dungeon, and saw 2 of its levels.

You collected 58 gold pieces.

Inventory:

Hand Weapons
 c - a +0 short sword
 d - a +3 dagger (weapon)
Armour
 j - a +0 pair of boots (worn)
Jewellery
 g - a +4 ring of protection (right hand)
 k - a ring of flight (left hand)
Scrolls
 a - a scroll of identify {unknown}
 b - a scroll of fear {unknown}
 e - a scroll of immolation {unknown}
 f - 2 scrolls of teleportation {unknown}
 h - a scroll of magic mapping {unknown}
 m - a scroll of noise {unknown}


   Skills:
 - Level 1.7 Dodging
 - Level 1.7 Stealth
 * Level 3.1 Spellcasting
 * Level 2.6 Conjurations
 * Level 3.9 Fire Magic


You had 8 spell levels left.
You knew the following spells:

 Your Spells              Type           Power        Failure   Level
a - Foxfire               Conj/Fire      52%          4%          1

Your spell library contained the following spells:

 Spells                   Type           Power        Failure   Level
 Conjure Flame            Conj/Fire      13%          13%         3
 Inner Flame              Hex/Fire       9%           22%         3
 Sticky Flame             Conj/Fire      13%          41%         4
 Fireball                 Conj/Fire      6%           77%         5


Dungeon Overview and Level Annotations

Branches:
Dungeon (2/15)

Altars:
Qazlal
The Shining One


Innate Abilities, Weirdness & Mutations

Your plain brown scales are hard. (AC +5)
You cannot fit into any form of body armour.
You are cold-blooded and may be slowed by cold attacks.


Message History

Unknown command.
You aren't carrying any potions.
Unknown command.
You hit the orc priest.
The orc priest is heavily wounded.
The orc priest hits you but does no damage.
You are more poisoned.
You hit the orc priest but do no damage.
The orc priest is heavily wounded.
You feel sick. The orc priest barely misses you.
You hit the orc priest.
The orc priest is almost dead.
You feel sick.
You barely miss the orc priest.
The orc priest is almost dead.
You feel sick.
The orc priest hits you but does no damage.
You are lethally poisoned!
You hit the orc priest but do no damage.
The orc priest is almost dead.
You feel sick. The orc priest closely misses you.
You barely miss the orc priest.
You tail-slap the orc priest, but do no damage.
The orc priest is almost dead.
You feel sick. The orc priest misses you.
You hit the orc priest.
The orc priest is almost dead.
You feel sick.
The orc priest hits you with a +0 flail of venom.
* * * LOW HITPOINT WARNING * * *
You are more poisoned.
Unknown command.
You barely miss the orc priest.
You tail-slap the orc priest, but do no damage.
The orc priest is almost dead.
* * * LOW HITPOINT WARNING * * *
You feel very sick.
The orc priest mumbles some strange prayers to Beogh against you.
Pain shoots through your body!
You die...

#.##.# #.# #..#.# #.#
#########.#.## #.#
#..............# #.####
#.##.####.####.# #.....
#.##.##.....##.# ######
#....#.......#.# #
#.#..#.......#.############ #
).##....._....wo@.........# #
..##.#......†#.##########.#######
..##.#.......#.# #........
.....##.....##.##################
#....####.####...........)..<....
.....)..........#################
############....# ######


You could see an orc priest and a dart slug.

Vanquished Creatures
  An orc wizard (D:2)
  A gnoll (D:1)
  An adder (D:2)
  An ooze (D:1)
  A dart slug (D:2)
  2 leopard geckos
  An orc (D:2)
  8 bats
  A giant cockroach (D:1)
  8 goblins
  7 hobgoblins
  4 jackals (D:1)
  3 quokkas (D:2)
  A ball python (D:1)
  3 frilled lizards (D:1)
  8 kobolds
  5 rats (D:1)
56 creatures vanquished.

Vanquished Creatures (others)
  82 foxfires
82 creatures vanquished.

Grand Total: 138 creatures vanquished

Notes
Turn   | Place    | Note
-------+----------+-------------------------------------------
     0 | D:1      | dickylongcocking the Draconian Fire Elementalist began the
                  | quest for the Orb.
     0 | D:1      | Reached XP level 1. HP: 14/14 MP: 3/3
   138 | D:1      | Reached XP level 2. HP: 16/20 MP: 1/5
   435 | D:1      | Reached XP level 3. HP: 26/26 MP: 4/6
  1449 | D:2      | Found a glowing golden altar of the Shining One.
  1487 | D:2      | Reached XP level 4. HP: 29/33 MP: 5/8
  1615 | D:2      | Found a stormy altar of Qazlal.
  2057 | D:2      | Killed from afar by an orc priest

Illustrated notes

Levels and vault maps discovered:
D:1:      amcnicky_arrival_underground_garden, layout_basic, minmay_cupped
D:2:      layout_loops_ring, tso_altar, old_standard_altar

Skill      XL: |  1  2  3  4 |
---------------+-------------+-----
Conjurations   | 2 |  2.6
Spellcasting   | 3 |  3.1
Dodging        | |  1.7
Stealth        | |  1.7
Fire Magic     | |  3.9

Action                   |  1- 3 |  4- 6 || total
-------------------------+-------+-------++-------
Melee: Dagger            |    72 |    34 ||   106
       Short sword       |     1 |       ||     1
       Tailslap          |     2 |     6 ||     8
 Cast: Foxfire           |    35 |    23 ||    58
  Use: Potion            |       |     3 ||     3
 Stab: Sleeping          |     5 |       ||     5
Armor: Skin              |    22 |    14 ||    36
Dodge: Dodged            |    69 |    24 ||    93

Table legend: (Time is in decaauts)
 A = Elapsed time spent in this place.
 B = Non-inter-level travel time spent in this place.
 C = Inter-level travel time spent in this place.
 D = Time resting spent in this place.
 E = Time spent auto-exploring this place.
 F = Levels seen in this place.
 G = Mean time per level.
                   A        B        C        D        E       F      G
               +--------+--------+--------+--------+--------+-----+--------+
         Total |   2044 |   2002 |     42 |    343 |   1212 |   2 | 1022.0 |
       Dungeon |   2044 |   2002 |     42 |    343 |   1212 |   2 | 1022.0 |
               +--------+--------+--------+--------+--------+-----+--------+

Top non-repeatable levels by time:
     D:1: 1452 daAuts
     D:2: 592 daAuts
